 Dungeon Crawl Stone Soup version 0.30-b1-2-g02819fbbbe (webtiles) character file.

Game seed: 16212283455425981873

431 dorian the Shield-Bearer (level 7, -3/52 HPs)
             Began as a Formicid Fighter on May 17, 2023.
             Was an Initiate of Makhleb.
             Slain by Crazy Yiuf
             ... wielding a +3 quarterstaff of chaos
              (4 damage)
             ... on level 4 of the Dungeon.
             The game lasted 00:05:09 (3984 turns).

dorian the Shield-Bearer (Formicid Fighter)         Turns: 3984, Time: 00:05:10

Health: -3/52      AC:  8    Str: 21    XL:     7   Next: 19%
Magic:  6/7        EV:  9    Int:  9    God:    Makhleb [......]
Gold:   226        SH:  5    Dex: 13    Spells: 6/6 levels left

rFire   + . .        a - +0 long sword
rCold   . . .        c - +0 buckler
rNeg    . . .        b - +0 scale mail
rPois   .            (helmet unavailable)
rElec   .            (no cloak)
rCorr   .            s - +0 pair of gloves
SInv    +            (no boots)
Will    .....        (no amulet) Stlth
                     j - ring of protection from fire
HPRegen 0.28/turn    (no ring)
MPRegen 0.10/turn

%: no passive effects
@: studying Fighting
A: permanent stasis, dig shafts and tunnels, antennae 3, four strong arms
a: Dig, Shaft Self, Renounce Religion


You were on level 4 of the Dungeon.
You worshipped Makhleb.
Makhleb was noncommittal.
You visited 2 branches of the dungeon, and saw 5 of its levels.

You collected 226 gold pieces.

Inventory:

Hand Weapons
 a - a +0 long sword (weapon)
 p - a +2 short sword of distortion
Missiles
 o - 5 boomerangs
Armour
 b - a +0 scale mail (worn)
 c - a +0 buckler (worn)
 s - a +0 pair of gloves (worn)
Jewellery
 i - a ring of positive energy
 j - a ring of protection from fire (left hand)
Wands
 r - a wand of mindburst (4)
Scrolls
 e - 2 scrolls of vulnerability {unknown}
 n - a scroll of amnesia {unknown}
Potions
 d - a potion of might
 g - 4 potions of degeneration
 h - 3 potions of lignification {unknown}
 k - 2 potions of mutation {unknown}
 l - a potion of attraction {unknown}
 m - a potion of brilliance {unknown}


   Skills:
 - Level 3.2 Fighting
 * Level 5.3 Long Blades
 + Level 5.0 Armour
 + Level 6.0 Shields


You had 6 spell levels left.
You didn't know any spells.
Your spell library contained the following spells:

 Spells                   Type           Power      Damage    Failure   Level
 Beastly Appendage        Tmut           0%         N/A       77%         1
 Lesser Beckoning         Tloc           0%         N/A       88%         2
 Momentum Strike          Conj/Tloc      0%         3d8       88%         2
 Wereblood                Tmut           0%         N/A       88%         2
 Spider Form              Tmut/Pois      0%         N/A       98%         3
 Blink                    Tloc           Unusable   N/A       N/A         2

Dungeon Overview and Level Annotations

Branches:
Dungeon (4/15)             Temple (1/1) D:4

Altars:
Cheibriados
Dithmenos
Elyvilon
Gozag
Makhleb
Qazlal
Ru
Sif Muna
Trog
Vehumet
Wu Jian
Xom
Zin

Annotations:
D:4 Crazy Yiuf


Innate Abilities, Weirdness & Mutations

You cannot be hasted, slowed, berserked, paralysed or teleported.
You can dig through walls and to a lower floor.
You have a pair of large antennae on your head. (SInv)
Your four strong arms can wield two-handed weapons with a shield.


Message History

You hit Crazy Yiuf.
Crazy Yiuf is moderately wounded.
You feel very sick.
Crazy Yiuf hits you with a +3 quarterstaff of chaos!
You slash Crazy Yiuf!
Crazy Yiuf is severely wounded.
* * * LOW HITPOINT WARNING * * *
You feel very sick.
Crazy Yiuf zaps a wand.
The puff of flame hits you. You resist.
* * * LOW HITPOINT WARNING * * *
Unknown command.
You feel better. Crazy Yiuf closely misses you.
You hit Crazy Yiuf but do no damage.
Crazy Yiuf is severely wounded.
You block Crazy Yiuf's attack. x2
You hit Crazy Yiuf but do no damage.
Crazy Yiuf is severely wounded.
Crazy Yiuf hits you with a +3 quarterstaff of chaos!
* * * LOW HITPOINT WARNING * * *
You barely miss Crazy Yiuf.
Crazy Yiuf is severely wounded.
Crazy Yiuf hits you with a +3 quarterstaff of chaos!
* * * LOW HITPOINT WARNING * * *
You barely miss Crazy Yiuf.
Crazy Yiuf is severely wounded.
Crazy Yiuf hits you but does no damage.
You feel better.
Crazy Yiuf hits you with a +3 quarterstaff of chaos.
* * * LOW HITPOINT WARNING * * *
Crazy Yiuf draws strength from your wounds!
You hit Crazy Yiuf.
Crazy Yiuf is severely wounded.
Crazy Yiuf hits you with a +3 quarterstaff of chaos.
* * * LOW HITPOINT WARNING * * *
You feel your power leaking away.
You hit Crazy Yiuf but do no damage.
Crazy Yiuf is severely wounded.
Crazy Yiuf says, "Nubble!"
Crazy Yiuf hits you with a +3 quarterstaff of chaos.
You die...

........#######....###...........
........# #....# #...........
........#### ♣....♣ #....##.....
...........# ♣♣...♣ #..........#
...........# ♣♣.♣♣ #...###..###
...##....### ♣♣.♣ ###.###...##
....#....### ♣.♣♣ #.#..#.....#
...........# ♣♣.♣ #........###
...#.###...# ♣@♣♣ #.##...###
...#..##...# #g# #...#.####
......#....# ... #...####.##
.....##.#.## #...# #..###....#
.....#...<.# #)..# #...###...#
.#..##.....# ##### #...###...##
.#.........# #...#..<...#
..........?###########........###
..............................#..


You could see Crazy Yiuf.

Vanquished Creatures
  A bullfrog (D:3)
  A scorpion (D:4)
  A howler monkey (D:4)
  A hound (D:4)
  An orc priest (D:3)
  A sleepcap (D:4)
  Ijyb (D:3)
  An orc wizard (D:3)
  3 adders
  An ufetubus (D:3)
  A worm (D:3)
  4 orcs
  14 ball pythons
  10 endoplasms
  5 giant cockroaches
  4 goblins
  9 hobgoblins
  10 jackals
  3 quokkas
  4 bats
  4 frilled lizards
  4 kobolds
  9 rats
93 creatures vanquished.

Vanquished Creatures (others)
  3 plants
3 creatures vanquished.

Grand Total: 96 creatures vanquished

Notes
Turn   | Place    | Note
-------+----------+-------------------------------------------
     0 | D:1      | dorian the Formicid Fighter began the quest for the Orb.
     0 | D:1      | Reached XP level 1. HP: 18/18 MP: 1/1
    53 | D:1      | Reached XP level 2. HP: 16/24 MP: 2/2
   302 | D:1      | Reached XP level 3. HP: 24/29 MP: 3/3
  1016 | D:2      | Reached XP level 4. HP: 33/35 MP: 4/4
  2029 | D:3      | Noticed a bullfrog
  2037 | D:3      | Killed a bullfrog
  2038 | D:3      | Reached skill level 5 in Shields
  2038 | D:3      | Reached XP level 5. HP: 27/41 MP: 5/5
  2221 | D:3      | Reached XP level 6. HP: 43/47 MP: 6/6
  2453 | D:3      | Noticed a moth of wrath
  2453 | D:3      | Noticed Ijyb
  2477 | D:3      | Killed Ijyb
  2495 | D:3      | Found a bloodstained altar of Trog.
  2976 | D:3      | Identified a scroll of acquirement
  2976 | D:3      | Acquired a manual of Fighting
  3210 | D:4      | Found a staircase to the Ecumenical Temple.
  3221 | Temple   | Entered the Ecumenical Temple
  3428 | Temple   | Became a worshipper of Makhleb the Destroyer
  3552 | D:4      | Reached skill level 5 in Long Blades
  3552 | D:4      | Reached XP level 7. HP: 44/52 MP: 7/7
  3603 | D:4      | Reached skill level 5 in Armour
  3603 | D:4      | Reached skill level 6 in Shields
  3791 | D:4      | Found a runed translucent door.
  3792 | D:4      | Noticed Crazy Yiuf
  3850 | D:4      | Found a snail-covered altar of Cheibriados.
  3983 | D:4      | HP: 1/52 [Crazy Yiuf/+3 quarterstaff of chaos (4)]
  3984 | D:4      | Slain by Crazy Yiuf

Illustrated notes

Levels and vault maps discovered:
D:1:      evilmike_arrival_fibonacci_small, layout_rooms
D:2:      layout_loops_corners, serial_forest, infiniplex_forest_clump_diagonal,
          infiniplex_forest_lined_1, infiniplex_forest_clump_large,
          infiniplex_forest_clump_curved, infiniplex_forest_end_3,
          infiniplex_forest_end_double, infiniplex_forest_lined_room_2,
          infiniplex_forest_lined_room_2, infiniplex_forest_lined_2,
          infiniplex_forest_zigzag_1, serial_park_tiny_pond
D:3:      layout_loops_ring, tgw_trog, serial_rivers,
          chequers_serial_rivers_small_3, chequers_serial_rivers_micro_d,
          chequers_serial_rivers_small_b, chequers_serial_rivers_small_3,
          chequers_serial_rivers_room_b, chequers_serial_rivers_large_b,
          st_stairs_3, serial_bayou_crossing, uniq_ijyb
D:4:      layout_cave_pools, mainiacjoe_overflow_cross_hatched,
          minmay_temple_entry_overgrown, uniq_crazy_yiuf_cottage
Temple:   grunt_temple_mini_profane

Skill      XL: |  1  2  3  4  5  6  7 |
---------------+----------------------+-----
Long Blades    | 3 4 5 |  5.3
Armour         | 4 5 |  5.0
Shields        | 5 6 |  6.0
Fighting       | |  3.2

Action                     |  1- 3 |  4- 6 |  7- 9 || total
---------------------------+-------+-------+-------++-------
  Melee: Long sword        |    88 |   248 |    40 ||   376
    Use: Scroll            |       |     6 |       ||     6
         Potion            |       |       |     2 ||     2
 Armour: Scale mail        |    38 |   165 |    15 ||   218
  Dodge: Dodged            |    56 |   179 |    12 ||   247
  Block: Buckler           |    23 |    68 |    13 ||   104
